 Dungeon Crawl Stone Soup version 0.18.1-48-g4cf74bf (webtiles) character file.

171 Heedrag the Magician (level 5, -4/28 HPs)
             Began as a Deep Elf Conjurer on July 26, 2016.
             Slain by Grinder (6 damage)
             ... while paralysed by Grinder
             ... on level 5 of the Dungeon.
             The game lasted 00:05:50 (2605 turns).

Heedrag the Magician (Deep Elf Conjurer)            Turns: 2605, Time: 00:05:50

Health: -4/28      AC:  3    Str:  6    XL:     5   Next: 26%
Magic:  16/16      EV:  2    Int: 20    God:
Gold:   169        SH:  0    Dex: 15    Spells: 3 memorised, 10 levels left

rFire  . . .     SeeInvis .     g - +0 dagger
rCold  . . .     Gourm    .     a - +0 robe
rNeg   . . .     Faith    .     (no shield)
rPois  .         Spirit   .     e - +0 helmet
rElec  .         Dismiss  .     (no cloak)
rCorr  .         Reflect  .     (no gloves)
SustAt .         Harm     .     (no boots)
MR     .....                    (no amulet)
Stlth  ++........               (no ring)
                                (no ring)

@: paralysed, not resistant to hostile enchantments, unstealthy
A: no striking features
a: no special abilities


You were on level 5 of the Dungeon.
You were not hungry.

You visited 1 branch of the dungeon, and saw 5 of its levels.

You collected 169 gold pieces.

Inventory:

Hand Weapons
 g - a +0 dagger (weapon)
Armour
 a - a +0 robe (worn)
 e - a +0 helmet (worn)
Magical Staves
 o - an uncursed staff of death
Scrolls
 k - 3 scrolls of identify {unknown}
 l - 3 scrolls of teleportation {unknown}
 m - a scroll of remove curse {unknown}
 q - a scroll of magic mapping {unknown}
Potions
 d - 2 potions of curing {unknown}
 i - a potion of brilliance {unknown}
 n - a potion of heal wounds {unknown}
Books
 b - a book of Conjurations

   Spells                             Type                      Level
   a - Magic Dart                     Conjuration                  1
   b - Searing Ray                    Conjuration                  2
   c - Dazzling Spray                 Conjuration/Hexes            3
   d - Fulminant Prism                Conjuration/Hexes            4
   e - Iskenderun's Mystic Blast      Conjuration                  4
   f - Iskenderun's Battlesphere      Conjuration/Charms           5
Comestibles
 c - 2 bread rations
 f - a meat ration
 h - a royal jelly
 j - a chunk of flesh
 p - a beef jerky


   Skills:
 - Level 2.4 Dodging
 - Level 2.4 Stealth
 * Level 7.4 Spellcasting
 - Level 4.3 Conjurations


You had 10 spell levels left.
You knew the following spells:

 Your Spells              Type           Power        Failure   Level  Hunger
a - Magic Dart            Conj           ####         1%          1    None
b - Dazzling Spray        Conj/Hex       ###...       12%         3    #......
c - Iskenderun's Mystic   Conj           ####....     17%         4    ###....


Dungeon Overview and Level Annotations

Branches:
Dungeon (5/15)
 Temple: D:4-7

Altars:
Pakellas

Annotations:
D:2 Terence
D:3 Situis's ghost, amateur DsFi
D:5 Grinder


Message History

Castin': Magic Dart Confirm wit' . or Enter, or press ? or * ta list all spells.
Ye cannae see any susceptible monsters within range! (Use Z ta cast anyway.) Unknown command.
Grinder comes inta view.
Grinder shouts!
Grinder says, "Wait up."
Grinder gestures at ye.
Ye sudd'nly lose tha ability ta move!
Grinder hits ye.
Grinder gestures at ye.
Ye shrug off tha repeated paralysis!
Grinder gestures at ye.
Pain shoots through yer body!
Ouch! Tha re'lly hurt!
* * * LOW HITPOINT WARNIN'
* * * Grinder hits ye.
* * * LOW HITPOINT WARNIN'
* * * Ye writha in agony.
Ye die...

......#.#.###.## ....
#.....#.#...)... ....
#.......#......# .....
#......##....#.# .....##
#..............( .......
#............... .......
#...............
......5##...............
.......@....#...........
............#.........##
............#.........##
.......####...........##
....... ######........
.......##########.......
#.................####..
..................######
....................


You could see Grinder.

Vanquished Creatures
  An orc wizard (D:5)
  4 adders
  6 oozes
  A worm (D:1)
  4 dart slugs (D:1)
  A giant gecko (D:2)
  3 orcs
  6 bats
  7 giant cockroaches
  6 goblins
  5 hobgoblins
  5 jackals (D:1)
  A giant newt (D:1)
  4 kobolds
  13 rats
67 creatures vanquished.

Notes
Turn   | Place    | Note
--------------------------------------------------------------
     0 | D:1      | Heedrag the Deep Elf Conjurer began the quest for the Orb.
     0 | D:1      | Reached XP level 1. HP: 10/10 MP: 6/6
     1 | D:1      | Found a runed door.
   101 | D:1      | Reached skill level 4 in Spellcasting
   101 | D:1      | Reached XP level 2. HP: 15/15 MP: 0/9
   484 | D:1      | Reached XP level 3. HP: 19/19 MP: 2/11
   608 | D:1      | Reached skill level 5 in Spellcasting
  1053 | D:1      | Reached XP level 4. HP: 24/24 MP: 7/13
  1175 | D:2      | Reached skill level 6 in Spellcasting
  1539 | D:2      | Noticed Terence
  1562 | D:2      | Learned a level 3 spell: Dazzling Spray
  1567 | D:2      | Learned a level 4 spell: Iskenderun's Mystic Blast
  2014 | D:2      | Found a faded altar to an unknown god.
  2320 | D:3      | Reached skill level 7 in Spellcasting
  2321 | D:3      | Found an oddly glowing altar of Pakellas.
  2375 | D:3      | Noticed Situis's ghost (amateur DsFi)
  2387 | D:5      | Entered Level 5 of the Dungeon
  2392 | D:5      | Reached XP level 5. HP: 28/28 MP: 5/16
  2600 | D:5      | Noticed Grinder
  2600 | D:5      | Paralysed by Grinder for 7 turns
  2605 | D:5      | Slain by Grinder

Skill      XL: |  1  2  3  4 |
---------------+-------------+-----
Spellcasting   | 4 5 7 |  7.4
Dodging        | |  2.4
Stealth        | |  2.4
Conjurations   | |  4.3

Action                   |  1- 3 |  4- 6 || total
-------------------------+-------+-------++-------
Melee: Dagger            |    17 |     4 ||    21
       Staff             |       |     2 ||     2
 Cast: Magic Dart        |    86 |    74 ||   160
       Dazzling Spray    |       |     1 ||     1
  Eat: Chunk             |       |     5 ||     5
Armor: Robe              |     8 |     2 ||    10
Dodge: Dodged            |    44 |    20 ||    64
